AoeStats
← Idle

Pilgrims

509897909Analyzed
4v4 RM · 2d ago on Sep 28, 2026· 47m 57s· 8 players
Game mode
Random Map
Map size
Large (8 player)
Population
200
Speed
Normal
Resources
Standard
Victory
Conquest
Starting age
Dark Age
Ending age
Imperial Age
RankedLock teamsTeams togetherTeam positionsShared explorationLock speedFull tech treeHidden civsTurbo modeCheats
Victory
Defeat
🇨🇳 Vikings · China
1222
+14
🇨🇳 Spanish · China
1219
+14
🇨🇳 Vietnamese · China
1017
+23
🇭🇰 Mongols · Hong Kong SAR China
959
+25
🇩🇪 Saxons · Germany
1221
-21
🇩🇪 Malians · Germany
1193
-20
🇬🇧 Italians · United Kingdom
1155
-18
🇨🇴 Vietnamese · Colombia
1110
-17
zachhalil
4:20 Loom
10:54 Feudal Age
15:38 Double-Bit Axe
15:38 Horse Collar
18:21 Castle Age
16:18 Stone Mining
16:22 Horse Collar
16:51 Fletching
19:09 Heavy Plow
21:25 Bodkin Arrow
27:02 Wheelbarrow
26:12 Town Watch
27:17 Padded Archer Armor
28:09 Bow Saw
35:28 Imperial Age
35:52 Gold Mining
38:23 Chemistry
42:55 Conscription
45:01 Elite Skirmisher
Feigling#7
4:08 Loom
10:51 Feudal Age
18:26 Castle Age
16:58 Double-Bit Axe
20:57 Fletching
22:16 Wheelbarrow
22:26 Bodkin Arrow
22:35 Scale Mail Armor
23:01 Elite Skirmisher
26:24 Bow Saw
26:38 Horse Collar
30:56 Bodkin Arrow
30:59 Fishing Lines
32:54 Gillnets
33:38 Padded Archer Armor
35:41 Leather Archer Armor
36:14 Ballistics
35:47 Gold Mining
38:37 Imperial Age
37:21 Forging
37:49 Thumb Ring
38:48 Chain Mail Armor
39:49 Bracer
44:13 Scale Barding Armor
45:46 Two-Man Saw
Idle
10:15 Feudal Age
9:57 Loom
11:23 Fishing Lines
11:36 Double-Bit Axe
14:49 Wheelbarrow
14:00 Town Watch
15:29 Fletching
18:23 Stone Mining
18:29 Gold Mining
20:41 Castle Age
22:11 Bow Saw
21:53 Gillnets
23:55 Hand Cart
23:40 Bodkin Arrow
24:01 Horse Collar
25:28 Heavy Plow
28:39 Forging
28:30 Scale Mail Armor
30:48 Chain Mail Armor
30:40 Squires
32:31 Iron Casting
31:59 Town Patrol
32:57 Scale Barding Armor
35:06 Chain Barding Armor
34:19 Man-at-Arms
34:45 Arson
34:47 Light Cavalry
38:44 Imperial Age
36:33 Bloodlines
36:24 Husbandry
36:36 Treadmill Crane
37:07 Masonry
37:05 Long Swordsman
39:16 Tigui
39:30 Farimba
39:51 Conscription
40:17 Plate Barding Armor
42:40 Plate Mail Armor
41:49 Cavalier
45:35 Pikeman
PILDORO
4:25 Loom
11:46 Feudal Age
13:49 Man-at-Arms
16:20 Forging
17:28 Fletching
22:16 Double-Bit Axe
24:51 Horse Collar
26:04 Wheelbarrow
31:10 Castle Age
29:41 Stone Mining
30:39 Gold Mining
32:56 Bodkin Arrow
33:58 Thumb Ring
41:51 Scale Barding Armor
42:11 Bloodlines
42:01 Husbandry
44:51 Elite Skirmisher
46:09 Hand Cart
碰我村民就投
3:42 Loom
13:18 Feudal Age
15:39 Double-Bit Axe
15:41 Horse Collar
19:40 Castle Age
18:30 Fishing Lines
20:18 Bloodlines
20:00 Fletching
20:11 Padded Archer Armor
21:54 Bow Saw
21:43 Gold Mining
21:54 Gillnets
25:25 Wheelbarrow
27:23 Bodkin Arrow
28:46 Ballistics
28:43 Thumb Ring
32:53 Nomads
36:04 Leather Archer Armor
35:56 Husbandry
35:18 Light Cavalry
37:54 Forging
37:49 Scale Barding Armor
38:35 Gold Shaft Mining
39:52 Iron Casting
39:40 Chain Barding Armor
39:59 Iron Casting
47:41 Imperial Age
47:44 Elite Mangudai
48:52 Conscription
48:53 Drill
49:09 Hoardings
fengyiwui
10:03 Loom
12:27 Feudal Age
14:57 Fletching
19:15 Castle Age
19:57 Bodkin Arrow
22:55 Double-Bit Axe
33:39 Horse Collar
36:36 Pikeman
37:17 Squires
37:03 Arson
37:54 Ballistics
38:01 Scale Mail Armor
38:11 Forging
38:20 Heavy Plow
39:33 Chain Mail Armor
41:37 Iron Casting
47:01 Imperial Age
45:39 Town Watch
46:09 Bow Saw
46:39 Padded Archer Armor
46:53 Clinker Construction
46:54 Careening
47:27 Chieftains
无语
12:23 Feudal Age
16:49 Castle Age
16:31 Double-Bit Axe
16:28 Horse Collar
16:43 Gold Mining
16:43 Stone Mining
21:32 Bow Saw
24:55 Heavy Plow
28:44 Wheelbarrow
30:47 Imperial Age
28:51 Fletching
29:01 Padded Archer Armor
28:51 Town Watch
29:23 Loom
29:53 Hand Cart
29:36 Bodkin Arrow
29:12 Pikeman
29:53 Squires
29:38 Arson
30:31 Forging
30:21 Scale Mail Armor
30:31 Forging
30:22 Scale Mail Armor
30:01 Crossbowman
30:21 Elite Skirmisher
32:25 Leather Archer Armor
32:39 Paper Money
31:58 Imperial Skirmisher
34:03 Stone Shaft Mining
34:01 Crop Rotation
33:26 Halberdier
33:50 Treadmill Crane
34:45 Ring Archer Armor
34:56 Thumb Ring
35:41 Ballistics
36:33 Chemistry
36:28 Chain Mail Armor
36:49 Iron Casting
36:29 Chain Mail Armor
36:49 Iron Casting
36:29 Chain Mail Armor
38:24 Bracer
39:00 Iron Casting
38:55 Plate Mail Armor
40:35 Siege Engineers
45:17 Crossbowman
45:44 Man-at-Arms
(o^^o)
12:30 Feudal Age
14:28 Loom
17:03 Castle Age
15:37 Double-Bit Axe
15:33 Horse Collar
16:24 Padded Archer Armor
22:34 Bloodlines
34:06 Imperial Age
31:43 Heavy Plow
32:59 Masonry
33:37 Wheelbarrow
33:18 Husbandry
33:33 Light Cavalry
35:19 Leather Archer Armor
34:37 Hussar
36:05 Bow Saw
37:29 Conscription
37:58 Gold Mining
37:59 Elite Conquistador
39:17 Ring Archer Armor
40:58 Fletching
42:15 Forging
42:10 Scale Barding Armor
43:51 Chemistry
43:42 Stone Mining
44:39 Iron Casting
44:24 Chain Barding Armor
44:30 Chain Barding Armor
Connection lost

Rejoining the realm…

Still unreachable

The connection could not be restored.

Session expired

The server has moved on; the page needs a fresh start.